Map: Frozen Temple

Players

State - Winner!

  • Race: Protoss Protoss
  • League: Grandmaster

Pokebunny

  • Race: Terran Terran
  • League: Grandmaster

VOD

Have the link to the VOD?

Description

Time

  • Played on: April 5, 2016, 2:13 a.m.
  • Length: 5:52
Show
View Real Time Build Order
Export as new Build Order

State Protoss - Winner!

Build Orders: 1 Gate Expand, Blink Stalkers 

Get SALT Encoding   

  12  0:01  Probe (Chrono Boost)  
  13  0:12  Probe (Chrono Boost)  
  14  0:17  Pylon  
  14  0:22  Probe (Chrono Boost)  
  15  0:36  Probe (Chrono Boost)  
  15  0:37  Gateway  
  16  0:44  Assimilator  
  16  0:46  Probe (Chrono Boost)  
  18  0:57  Probe (Chrono Boost)  
  18  1:07  Probe (Chrono Boost)  
  19  1:20  Nexus  
  19  1:30  Cybernetics Core  
  19  1:32  Probe (Chrono Boost)  
  20  1:37  Assimilator  
  20  1:43  Probe (Chrono Boost)  
  21  1:53  Probe (Chrono Boost)  
  22  1:55  Pylon  
  22  2:04  Probe (Chrono Boost)  
  23  2:13  Stalker (Chrono Boost)  
  25  2:18  Mothership Core (Chrono Boost)  
  27  2:26  Warp Gate  
  27  2:31  Probe (Chrono Boost)  
  28  2:39  Stalker, Probe (Chrono Boost)  
  28  2:43  Probe (Chrono Boost)  
  32  2:47  Pylon  
  32  2:49  Probe (Chrono Boost)  
  33  2:53  Probe (Chrono Boost)  
  33  2:56  Twilight Council  
  34  3:00  Probe (Chrono Boost)  
  34  3:04  Probe (Chrono Boost)  
  36  3:11  Probe (Chrono Boost)  
  37  3:14  Probe (Chrono Boost)  
  38  3:21  Probe (Chrono Boost)  
  38  3:25  Probe (Chrono Boost)  
  40  3:30  Gateway  
  40  3:31  Probe (Chrono Boost), Gateway  
  40  3:34  Probe (Chrono Boost)  
  43  3:35  Blink (Chrono Boost)  
  42  3:43  Pylon, Probe  
  42  3:44  Probe  
  44  3:54  Robotics Facility  
  44  3:55  Probe  
  45  3:56  Probe  
  45  3:59  Stalker  
  48  4:04  Pylon  
  48  4:07  Probe x2  
  43  4:18  Probe  
  43  4:19  Probe  
  45  4:28  Probe  
  46  4:34  Stalker  
  46  4:35  Stalker  
  51  4:39  Pylon  
  51  4:42  Stalker, Probe  
  51  4:43  Probe  
  52  4:53  Observer  
  52  4:54  Pylon  
  52  4:55  Pylon  
  51  5:00  Stalker x2  
  51  5:05  Probe  
  54  5:10  Stalker, Probe  
  57  5:18  Gateway  
  57  5:19  Gateway  
  57  5:25  Adept x2  
  57  5:26  Probe x2  
  55  5:36  Stalker  
  55  5:37  Probe  
  55  5:38  Probe  
Show
View Real Time Build Order
Export as new Build Order

Pokebunny Terran 

Build Orders: 1/1/1, Liberator Opening 

Get SALT Encoding   

  12  0:00  SCV  
  13  0:13  SCV  
  14  0:18  Supply Depot  
  14  0:25  SCV  
  15  0:31  Refinery  
  15  0:39  SCV  
  16  0:45  Barracks  
  16  0:51  SCV  
  17  1:03  SCV  
  18  1:16  SCV  
  19  1:31  Orbital Command  
  19  1:32  Factory, Marine  
  20  1:37  Refinery  
  20  1:47  Supply Depot  
  20  1:51  Marine  
  21  1:57  SCV  
  22  2:09  SCV  
  22  2:10  Barracks Reactor  
  23  2:17  Starport  
  23  2:18  Hellion  
  23  2:22  Supply Depot, SCV  
  26  2:34  SCV  
  27  2:38  Widow Mine  
  29  2:46  Marine x2  
  29  2:48  SCV  
  29  2:49  Supply Depot  
  32  2:54  Medivac  
  34  3:04  Marine x2  
  36  3:06  SCV  
  37  3:14  Liberator  
  36  3:20  Factory Tech Lab  
  36  3:22  Marine x2  
  37  3:29  Barracks  
  40  3:35  Barracks  
  40  3:42  Siege Tank  
  40  3:46  Marine x2  
  45  3:56  Supply Depot  
  45  4:00  Supply Depot  
  43  4:17  Marine x3  
  43  4:20  Siege Tank  
  49  4:24  Medivac  
  49  4:29  Marine  
  52  4:35  Marine  
  53  4:50  Marine x3  
  54  4:57  Siege Tank  
  59  5:14  Bunker  
  58  5:24  Marine x3  
  58  5:25  Marine  
Tags
 
Add a new tag
Caveats
  • Supply blocks, unpowered buildings, or Contaminate may cause inaccurate times.
  • Supply counts are checked every 10 seconds.